 Dungeon Crawl Stone Soup version 0.13-a0-2907-g70ca29e (webtiles) character file.

1323 PolkaDot the Ruinous (level 8, -3/50 HPs)
             Began as a Vampire Wizard on Sept 1, 2013.
             Was a Believer of Vehumet.
             Slain by a centaur (7 damage)
             ... on Level 5 of the Dungeon.
             The game lasted 00:36:58 (5883 turns).

PolkaDot the Ruinous (Vampire Wizard)               Turns: 5883, Time: 00:36:59

HP  -3/50        AC  3     Str  6      XL: 8   Next: 18%
MP  12/18        EV 12     Int 22      God: Vehumet [**....]
Gold 145         SH  0     Dex 12      Spells:  5 memorised,  5 levels left

Res.Fire  : . . .   See Invis. : +   d - staff of wizardry
Res.Cold  : . . .   Warding    : .   p - +0 elf robe
Life Prot.: + . .   Conserve   : .   (no shield)
Res.Poison: .       Res.Corr.  : .   b - +1 wizard hat
Res.Elec. : .       Clarity    : .   (no cloak)
Sust.Abil.: . .     Spirit.Shd : .   (no gloves)
Res.Mut.  : +       Stasis     : .   (no boots)
Res.Rott. : .       Flight     : .   l - amulet of resist mutation
Saprovore : . . .                    (no ring)
                                     k - ring of sustenance

@: about to teleport, somewhat resistant to hostile enchantments, stealthy
A: bottle blood, fangs 3, see invisible, unbreathing
a: Bat Form, Bottle Blood, Renounce Religion


You were on level 5 of the Dungeon.
You worshipped Vehumet.
Vehumet was most pleased with you.
You were not thirsty.

You visited 1 branch of the dungeon, and saw 5 of its levels.

You collected 125 gold pieces.

Inventory:

Hand weapons
 a - a +0,+0 sabre of holy wrath
Armour
 b - a +1 wizard hat (worn)
 p - a +0 elven robe (worn)
Magical devices
 n - a wand of slowing (0)
Scrolls
 e - a scroll of random uselessness
 g - a scroll of noise
 h - a scroll of curse jewellery
 i - a scroll of amnesia
 m - 2 scrolls of teleportation
 o - a scroll of curse weapon {unknown}
 r - a scroll of identify
Jewellery
 k - a ring of sustenance (left hand)
 l - an amulet of resist mutation (around neck)
Potions
 f - a potion of blood
 j - a potion of flight
Books
 c - a book of Minor Magic

   Spells                             Type                      Level
   *Magic Dart                        Conjuration                  1
   *Blink                             Translocation                2
   Call Imp                           Summoning                    2
   Repel Missiles                     Charms/Air                   2
   Slow                               Hexes                        2
   *Conjure Flame                     Conjuration/Fire             3
   Mephitic Cloud                     Conjuration/Poison/Air       3
Magical staves
 d - an uncursed staff of wizardry (weapon)


   Skills:
 - Level 2.1 Dodging
 - Level 3.0 Stealth
 - Level 3.0 Spellcasting
 + Level 6.4 Conjurations
   Level 1.0 Summonings
 - Level 0.7 Translocations
 + Level 4.8 Ice Magic


You had 5 spell levels left.
You knew the following spells:

 Your Spells              Type           Power        Failure   Level  Hunger
a - Magic Dart            Conj           ####         1%          1    None
d - Conjure Flame         Conj/Fire      ###.....     4%          3    ###....
s - Sting                 Conj/Pois      ###.         1%          1    None
x - Freeze                Ice            ###.         1%          1    None
A - Blink                 Tloc           N/A          6%          2    ##.....


Dungeon Overview and Level Annotations

Branches:
Dungeon (5/27)
 Temple: D:4-7

Altars:
Trog
Vehumet
Yredelemnul


Innate Abilities, Weirdness & Mutations

You can bottle blood from corpses.
You have razor-sharp teeth.*
You have supernaturally acute eyesight.
You can survive without breathing.*


Message History

The arrow of flame misses you.
A crimson imp comes into view.
Casting: Blink
Confirm with . or Enter, or press ? or * to list all spells.
Aiming: Sting
Press: ? - help, Shift-Dir - straight line, f/p - centaur
Aim: a centaur, wielding a bow of flame (moderately wounded, poisoned)
The sting hits the centaur.
The centaur looks even sicker.
The centaur is moderately wounded.
The centaur unwields an uncursed bow of flame.
The centaur closely misses you.
Casting: Sting
Confirm with . or Enter, or press ? or * to list all spells.
Aiming: Sting
Press: ? - help, Shift-Dir - straight line, f/p - centaur
Aim: a centaur (moderately wounded, poisoned)
The sting hits the centaur.
The centaur looks even sicker.
The centaur is moderately wounded.
The centaur hits you!
You die...

#####.#.#######...#
...................#
#####.#(#######...#
#.# #...# ..# #...#
%### ##### ####5#
#..c.# #.@..# #(...#
#..$.# #....# .....#
##....# #....#
######


You could see a centaur and a crimson imp.

Vanquished Creatures
  Eustachio (D:4)
  Edmund (D:5)
  Menkaure (D:5)
  A sky beast (D:5)
  2 ogres (D:4)
  Sigmund (D:5)
  Duvessa (D:4)
  Dowan (D:4)
  An iron imp (D:4)
  3 worker ants (D:4)
  An iguana (D:5)
  2 orc wizards
  2 scorpions (D:5)
  A sky beast zombie (D:5)
  A green rat (D:4)
  6 adders
  A gnoll (D:2)
  An inept item mimic (D:3)
  4 worms
  An iguana skeleton (D:4)
  An adder skeleton (D:4)
  2 grey rats (D:4)
  2 giant geckos
  An ooze (D:4)
  6 orcs
  3 giant cockroaches (D:2)
  7 goblins
  9 hobgoblins
  4 jackals
  15 bats
  5 giant newts
  A hobgoblin skeleton (D:4)
  10 kobolds
  6 rats
105 creatures vanquished.

Notes
Turn   | Place    | Note
--------------------------------------------------------------
     0 | D:1      | PolkaDot, the Vampire Wizard, began the quest for the Orb.
     0 | D:1      | Reached XP level 1. HP: 11/11 MP: 6/6
   113 | D:1      | Reached skill level 1 in Conjurations
   258 | D:1      | Reached XP level 2. HP: 17/17 MP: 6/8
   868 | D:2      | Reached XP level 3. HP: 22/22 MP: 1/10
  1242 | D:2      | Paralysed by a potion of paralysis for 3 turns
  1375 | D:3      | Learned a level 3 spell: Conjure Flame
  1435 | D:3      | Found a radiant altar of Vehumet.
  1443 | D:3      | Became a worshipper of Vehumet
  1450 | D:3      | Found a basalt altar of Yredelemnul.
  1667 | D:3      | Learned a level 2 spell: Blink
  1744 | D:3      | Found a bloodstained altar of Trog.
  2014 | D:3      | Reached XP level 4. HP: 22/28 MP: 1/12
  3277 | D:4      | Reached XP level 5. HP: 33/33 MP: 1/13
  3391 | D:4      | Noticed an ogre
  3414 | D:4      | Killed an ogre
  3414 | D:4      | Reached skill level 4 in Conjurations
  3671 | D:4      | Acquired Vehumet's first power
  3671 | D:4      | Offered knowledge of Freeze by Vehumet.
  3674 | D:4      | Learned a level 1 spell: Freeze
  3854 | D:4      | Reached XP level 6. HP: 39/39 MP: 2/15
  3974 | D:4      | Noticed Dowan
  3976 | D:4      | Noticed Duvessa
  3985 | D:4      | Killed Duvessa
  3985 | D:4      | Reached skill level 5 in Conjurations
  4000 | D:4      | Killed Dowan
  4148 | D:4      | Noticed Eustachio
  4512 | D:4      | Noticed an ogre
  4525 | D:4      | Killed an ogre
  4525 | D:4      | Reached skill level 1 in Ice Magic
  4887 | D:4      | Killed Eustachio
  4887 | D:4      | Reached XP level 7. HP: 15/44 MP: 3/17
  4900 | D:4      | HP: 1/44 [green rat[Eustachio] (6)]
  5252 | D:5      | Entered Level 5 of the Dungeon
  5254 | D:5      | Noticed Menkaure
  5261 | D:5      | Killed Menkaure
  5389 | D:5      | Reached skill level 6 in Conjurations
  5475 | D:5      | Noticed Sigmund
  5476 | D:5      | Noticed Edmund
  5501 | D:5      | Killed Edmund
  5501 | D:5      | Reached XP level 8. HP: 40/50 MP: 6/18
  5511 | D:5      | Killed Sigmund
  5782 | D:5      | Offered knowledge of Sting by Vehumet.
  5785 | D:5      | Learned a level 1 spell: Sting
  5883 | D:5      | Slain by a centaur

Action                   |  1- 3 |  4- 6 |  7- 9 || total
-------------------------+-------+-------+-------++-------
Melee: Unarmed           |    14 |       |       ||    14
       Staff             |     1 |    16 |     3 ||    20
 Cast: Magic Dart        |   118 |   144 |    71 ||   333
       Conjure Flame     |     4 |    22 |     7 ||    33
       Blink             |       |     2 |     1 ||     3
       Freeze            |       |       |    15 ||    15
       Sting             |       |       |     4 ||     4
 Abil: Bottle Blood      |       |     1 |     3 ||     4
  Use: Potion            |     2 |     5 |     4 ||    11
       Scroll            |       |     4 |     4 ||     8
